Map: Pylon LE

Players

MaxPax - Winner!

  • Race: Protoss Protoss
  • Spawn Location: 5:00

ByuN

  • Race: Terran Terran
  • League: Diamond
  • Spawn Location: 11:00

VOD

Have the link to the VOD?

Description

Time

  • Played on: June 17, 2025, 9:18 p.m.
  • Length: 7:34
Show
View Real Time Build Order
Export as new Build Order

MaxPax Protoss - Winner!

Build Orders: 1 Gate Expand, Blink Stalkers 

Get SALT Encoding   

  12  0:00  Probe  
  13  0:12  Probe  
  14  0:16  Pylon  
  14  0:22  Probe  
  15  0:31  Probe  
  16  0:36  Gateway  
  16  0:39  Probe  
  16  0:45  Assimilator  
  17  0:51  Probe  
  18  1:03  Probe  
  19  1:15  Probe  
  20  1:22  Cybernetics Core  
  22  1:31  Nexus  
  20  1:33  Probe  
  21  1:40  Pylon  
  21  1:45  Probe  
  22  1:47  Assimilator  
  22  1:49  Adept  
  22  1:57  Probe  
  22  2:00  Warp Gate  
  25  2:08  Adept  
  25  2:10  Probe  
  26  2:22  Probe  
  29  2:26  Twilight Council  
  29  2:34  Probe  
  30  2:37  Blink  
  30  2:39  Stalker  
  30  2:43  Probe  
  33  2:46  Probe  
  34  2:52  Gateway  
  34  2:55  Probe  
  34  2:58  Probe  
  35  3:07  Probe  
  35  3:10  Probe  
  37  3:19  Probe  
  38  3:22  Probe  
  38  3:23  Robotics Facility  
  39  3:27  Gateway  
  39  3:31  Probe  
  40  3:34  Probe  
  40  3:37  Pylon  
  41  3:43  Probe  
  41  3:46  Probe  
  43  3:48  Stalker  
  43  3:55  Stalker, Probe  
  47  3:59  Pylon  
  47  4:01  Probe  
  49  4:10  Warp Prism  
  49  4:23  Stalker x2  
  51  4:28  Stalker  
  51  4:31  Probe  
  51  4:33  Probe  
  51  4:46  Nexus  
  51  4:48  Probe  
  51  4:57  Probe  
  51  4:58  Observer  
  53  5:02  Probe  
  53  5:04  Assimilator  
  53  5:05  Stalker x3  
  60  5:07  Pylon  
  60  5:09  Probe  
  60  5:13  Charge  
  61  5:14  Probe  
  62  5:21  Pylon  
  62  5:25  Probe  
  62  5:26  Probe  
  64  5:32  Observer  
  64  5:37  Probe  
  64  5:39  Probe  
  66  5:46  Gateway x2  
  66  5:47  Gateway  
  66  5:49  Probe  
  67  5:51  Probe  
  67  5:54  Sentry  
  70  5:59  Stalker x2  
  70  6:00  Probe  
  70  6:01  Probe  
  70  6:03  Probe  
  77  6:06  Gateway, Forge  
  76  6:12  Probe  
  76  6:13  Gateway  
  76  6:17  Immortal  
  77  6:22  Probe  
  77  6:24  Probe x2  
  80  6:26  Sentry  
  80  6:30  Probe, Shield Battery  
  86  6:36  Probe x2  
  86  6:39  Probe  
  89  6:40  Pylon  
  89  6:41  Robotics Bay  
  90  6:48  Probe x2, Assimilator  
  90  6:51  Probe  
  90  6:52  Pylon  
  93  7:00  Zealot x4  
  101  7:02  Pylon  
  101  7:08  Zealot  
  101  7:11  Pylon  
  101  7:18  Zealot x3  
  101  7:21  Pylon  
  107  7:26  Zealot x4  
Show
View Real Time Build Order
Export as new Build Order

ByuN Terran 

Build Orders: Cyclone Opening 

Get SALT Encoding   

  12  0:00  SCV  
  13  0:12  SCV  
  14  0:17  Supply Depot  
  14  0:24  SCV  
  15  0:38  SCV  
  15  0:39  Barracks  
  15  0:42  Refinery  
  16  0:50  SCV  
  16  0:52  Refinery  
  17  1:02  SCV  
  18  1:14  SCV  
  19  1:26  Reaper  
  19  1:27  Orbital Command  
  20  1:39  Factory  
  20  1:44  Supply Depot  
  20  1:53  SCV  
  21  1:59  Barracks Tech Lab  
  21  2:05  SCV  
  22  2:16  Command Center  
  22  2:19  SCV  
  23  2:32  Cyclone  
  23  2:34  SCV  
  27  2:38  Starport  
  27  2:44  Supply Depot  
  27  2:46  Barracks Reactor  
  27  2:49  SCV  
  28  3:01  SCV  
  28  3:04  Widow Mine  
  31  3:13  SCV  
  31  3:15  Medivac  
  33  3:23  Marine x2  
  33  3:25  SCV  
  33  3:26  Widow Mine  
  38  3:37  SCV  
  38  3:41  Marine x2  
  39  3:47  Widow Mine  
  43  3:49  SCV  
  43  3:51  Orbital Command  
  43  3:52  Barracks  
  44  3:58  Starport Tech Lab  
  44  3:59  Marine x2  
  44  4:01  SCV  
  47  4:08  Siege Tank  
  50  4:13  SCV  
  50  4:18  SCV  
  50  4:20  Marine x2  
  52  4:26  SCV  
  52  4:30  SCV  
  52  4:35  Supply Depot  
  52  4:38  SCV, Marine  
  54  4:40  Marine  
  54  4:42  SCV  
  54  4:48  Bunker  
  54  4:56  Siege Tank  
  54  4:57  SCV x2  
  54  4:59  Marine x2  
  58  5:01  Supply Depot  
  58  5:02  Marine  
  58  5:04  Stimpack  
  58  5:06  Barracks  
  59  5:09  SCV x2  
  59  5:12  Starport Reactor  
  61  5:18  Refinery, Engineering Bay  
  61  5:20  Marine  
  62  5:22  SCV x2, Marine  
  63  5:30  Marine  
  63  5:33  Siege Tank  
  63  5:35  Supply Depot  
  67  5:37  SCV x2  
  67  5:38  Marine  
  67  5:44  Supply Depot  
  67  5:49  SCV x2  
  67  5:50  Marine x2  
  67  5:55  Marine  
  70  5:58  Supply Depot  
  70  6:00  Refinery  
  70  6:02  Medivac  
  70  6:03  Medivac  
  75  6:09  SCV x2  
  76  6:12  Marine x3  
  76  6:13  Marine  
  77  6:21  SCV x2  
  77  6:27  Siege Tank  
  77  6:30  Marine  
  82  6:33  Marauder, Marine x2  
  82  6:39  SCV x2  
  87  6:43  Supply Depot  
  87  6:45  Supply Depot  
  87  6:47  Medivac x2  
  87  6:53  Marine x2  
  93  7:04  Marauder  
  93  7:10  Supply Depot  
  93  7:14  Marine  
  93  7:15  Factory Reactor  
  91  7:20  Command Center  
Tags
 
Add a new tag
Caveats
  • Supply blocks, unpowered buildings, or Contaminate may cause inaccurate times.
  • Supply counts are checked every 10 seconds.